 Dungeon Crawl Stone Soup version 0.28-a0-1616-g050a50673c (webtiles) character file.

Game seed: 14056229122577808969

4592 wilfster70 the Spear-Bearer (level 10, -4/72 HPs)
             Began as a Djinni Conjurer on Jan 22, 2022.
             Was a Follower of Makhleb.
             Slain by a wight (10 damage)
             ... on level 8 of the Dungeon.
             The game lasted 00:24:24 (11073 turns).

wilfster70 the Spear-Bearer (Djinni Conjurer)      Turns: 11073, Time: 00:24:24

Health: -4/72      AC:  3    Str: 12    XL:     10   Next: 68%
Gold:   465        EV: 12    Int: 24    God:    Makhleb [*.....] SH:  0 Dex: 12

rFire   + . .      SeeInvis .   a - +0 trident (venom)
rCold   . . .      Faith    .   (no shield)
rNeg    . . .      Spirit   .   c - +0 robe
rPois   ∞          Reflect  .   (no helmet)
rElec   .          Harm     .   h - +0 cloak
rCorr   .          Rampage  .   (no gloves)
Will    +....                   (boots unavailable)
Stlth   ++........              (no amulet)
HPRegen 0.22/turn               d - ring of ice
MPRegen 0.00/turn               j - +6 ring of strength

@: flying, very slightly contaminated
A: sickness immunity, fire resistance 2, cold vulnerability 1, float, innate
caster, hp casting, extra vitality 1
a: Renounce Religion


You were on level 8 of the Dungeon.
You worshipped Makhleb.
Makhleb was aware of your devotion.
You visited 2 branches of the dungeon, and saw 9 of its levels.

You collected 465 gold pieces.

Inventory:

Hand Weapons
 a - a +0 trident of venom (weapon)
 b - a +1 vorpal hunting sling
Missiles
 l - 3 throwing nets
Armour
 c - a +0 robe (worn)
 h - a +0 cloak (worn)
Jewellery
 d - a ring of ice (left hand)
 e - a ring of ice
 j - a +6 ring of strength (right hand)
Wands
 i - a wand of polymorph (12)
 o - a wand of iceblast (6)
Scrolls
 f - 4 scrolls of teleportation
 m - a scroll of holy word
 n - a scroll of blinking
 r - 5 scrolls of identify
Potions
 g - 2 potions of curing
 k - a potion of lignification


   Skills:
 - Level 6.0 Fighting
 - Level 8.0 Polearms
 + Level 0.9 Armour
 - Level 2.1 Dodging
 - Level 1.5 Stealth
 - Level 6.6 Spellcasting
 - Level 6.0 Evocations


You couldn't memorise any spells.
You knew the following spells:

 Your Spells              Type           Power      Damage    Failure   Level
a - Magic Dart            Conj           100%       1d8       1%          1
b - Searing Ray           Conj           78%        2d7       1%          2
c - Dazzling Flash        Conj/Hex       78%        N/A       1%          3
d - Fulminant Prism       Conj/Hex       19%        3d11      4%          4
e - Iskenderun's Mystic   Conj/Tloc      39%        2d9       4%          4
f - Sandblast             Erth           78%        2d17      1%          1
g - Call Imp              Summ           39%        N/A       1%          2
h - Passwall              Tmut/Erth      32%        N/A       1%          2
i - Stone Arrow           Conj/Erth      78%        3d11      1%          3
Your spell library was empty.

Dungeon Overview and Level Annotations

Branches:
Dungeon (8/15)             Temple (1/1) D:6
   Lair: D:8-11

Altars:
Hepliaklqana
Makhleb
Nemelex Xobeh
Xom
The Shining One

Annotations:
D:6 Eustachio
D:8 1 runed translucent door, RNPValinor's ghost, novice DrCj


Innate Abilities, Weirdness & Mutations

You are immune to sickness and miasma.
You are immune to poison.
Your flesh is very heat resistant. (rF++)
You are vulnerable to cold. (rC-)
You float through the air rather than walking.
You learn spells naturally, not from books.
Your magical power is your life essence.
You have superior vitality. (+4 MHP)


Message History

Casting: Searing Ray (safe; 1% risk of failure)
Confirm with . or Enter, or press ? or * to list all spells.
Aiming: Searing Ray (safe; 1% risk of failure)
Press: ? - help, Shift-Dir - straight line, f - wight
Aim: a wight, wielding a +2 short sword and wearing a +0 robe (severely damaged, 81% to hit)
The searing ray hits the wight!
You destroy the wight!
Makhleb accepts your kill. (Press . to maintain the ray.)
Casting: Searing Ray (safe; 1% risk of failure)
Confirm with . or Enter, or press ? or * to list all spells.
Restarting spell: Searing Ray (safe; 1% risk of failure)
Press: ? - help, Shift-Dir - straight line, f - wight
Aim: a wight, wielding a +0 halberd and wearing a +0 robe (81% to hit)
The searing ray hits the wight.
The wight is moderately damaged. (Press . to maintain the ray.)
The wight hits you from afar with a +0 halberd!
The searing ray hits the wight.
The wight is heavily damaged.
The wight hits you from afar with a +0 halberd!
The searing ray hits the wight.
The wight is heavily damaged.
The wight hits you from afar with a +0 halberd!
* * * LOW HITPOINT WARNING * * *
Casting: Searing Ray (safe; 1% risk of failure)
Confirm with . or Enter, or press ? or * to list all spells.
You miscast Iskenderun's Mystic Blast.
You are very lightly contaminated with residual magic.
Nothing appears to happen.
* * * LOW HITPOINT WARNING * * *
The wight barely misses you.
Casting: Iskenderun's Mystic Blast (dangerous; 4% risk of failure)
Confirm with . or Enter, or press ? or * to list all spells.
You erupt in a blast of force!
The mystic blast hits the wight but does no damage.
The wight is heavily damaged.
* * * LOW HITPOINT WARNING * * *
The wight hits you from afar with a +0 halberd!
You die...

#########
#.......#......#
#.......#......#
#.....≈.#......#
#.....≈.#......#
#.####......@#......#
.............#.......
.# #.......z#.......
.## #....###.).z.....
..# #....# ##.####...
..# #....####+#####
####..# #..............
......#.####...........
###...[.# #...........


You could see a wight.

Vanquished Creatures
  Harold (D:7)
  2 two-headed ogres
  2 water moccasins
  2 sky beasts (D:6)
  2 ogres
  2 necrophages
  4 centaurs
  2 kobold brigands
  2 bullfrogs
  A water moccasin zombie (D:5)
  A wyvern zombie (D:8)
  2 scorpions
  12 wights
  A howler monkey (D:6)
  A centaur skeleton (D:7)
  3 hounds
  An orc priest (D:5)
  3 iguanas
  7 orc wizards
  A killer bee zombie (D:7)
  2 howler monkey zombies (D:7)
  5 gnolls
  13 adders
  An ufetubus (D:5)
  2 adder skeletons (D:4)
  5 worms
  A dart slug (D:1)
  19 orcs
  8 ball pythons
  8 endoplasms
  2 giant cockroaches
  5 goblins
  9 hobgoblins
  6 jackals
  3 quokkas
  8 bats
  A frilled lizard (D:2)
  17 kobolds
  5 rats
172 creatures vanquished.

Notes
Turn   | Place    | Note
-------+----------+-------------------------------------------
     0 | D:1      | wilfster70 the Djinni Conjurer began the quest for the Orb.
     0 | D:1      | Reached XP level 1. HP: 15/15 MP: 0/0
   416 | D:1      | Reached XP level 2. HP: 17/21 MP: 0/0
   885 | D:1      | Found a faded altar of an unknown god.
  1065 | D:1      | Reached XP level 3. HP: 20/25 MP: 0/0
  1065 | D:1      | Learned a level 1 spell: Sandblast
  1549 | D:2      | Reached XP level 4. HP: 21/31 MP: 0/0
  2301 | D:3      | Reached XP level 5. HP: 17/35 MP: 0/0
  2301 | D:3      | Learned a level 2 spell: Call Imp
  2898 | D:3      | Reached skill level 5 in Spellcasting
  3616 | D:4      | Reached XP level 6. HP: 16/40 MP: 0/0
  4706 | D:4      | Noticed an ogre
  4715 | D:4      | Killed an ogre
  4716 | D:4      | Reached XP level 7. HP: 28/45 MP: 0/0
  4716 | D:4      | Learned a level 2 spell: Passwall
  5072 | D:5      | Entered Level 5 of the Dungeon
  5571 | D:5      | Reached skill level 1 in Fighting
  6199 | D:5      | Reached XP level 8. HP: 40/56 MP: 0/0
  6471 | D:6      | Noticed Eustachio
  6904 | D:6      | Reached skill level 5 in Fighting
  7378 | D:6      | Reached skill level 1 in Evocations
  7452 | D:6      | Found a staircase to the Ecumenical Temple.
  7466 | Temple   | Entered the Ecumenical Temple
  7496 | Temple   | Became a worshipper of Makhleb the Destroyer
  7617 | D:6      | Reached XP level 9. HP: 31/66 MP: 0/0
  7617 | D:6      | Learned a level 3 spell: Stone Arrow
  7823 | D:6      | Noticed a two-headed ogre
  7832 | D:6      | Killed a two-headed ogre
  7833 | D:6      | Reached skill level 2 in Polearms
  8133 | D:7      | Reached skill level 3 in Polearms
  8747 | D:6      | Reached skill level 4 in Polearms
  9141 | D:7      | Noticed Harold
  9154 | D:7      | Killed Harold
  9155 | D:7      | Reached skill level 6 in Polearms
  9155 | D:7      | Reached XP level 10. HP: 10/72 MP: 0/0
  9455 | D:7      | Found a sparkling altar of Nemelex Xobeh.
  9915 | D:7      | You are sucked into a shaft and drop 1 floor!
 10054 | D:8      | Reached * piety under Makhleb
 10177 | D:8      | Noticed a two-headed ogre
 10179 | D:8      | Reached skill level 7 in Polearms
 10189 | D:8      | Killed a two-headed ogre
 10336 | D:8      | Found a runed translucent door.
 10336 | D:8      | Found a shimmering altar of Xom.
 10336 | D:8      | Noticed RNPValinor's ghost (novice DrCj)
 10338 | D:8      | Noticed a +2 dagger of chaos
 11064 | D:8      | Reached skill level 8 in Polearms
 11073 | D:8      | Slain by a wight

Illustrated notes

Levels and vault maps discovered:
D:1:      matt_arrival_grand_opening, layout_basic,
          hellmonk_ecumenical_altar_leap_of_faith
D:2:      layout_rooms, hex_tiny, minmay_tromino_i4
D:3:      layout_basic, chequers_serial_rivers_room_a, kennysheep_doodads
D:4:      minmay_diamond_boxcup, layout_rooms, serial_curves, eino_curves_04,
          eino_curves_03, eino_curves_02, eino_curves_03,
          chequers_serial_rivers_small_3
D:5:      layout_basic
D:6:      layout_loops_ring, minmay_temple_entry_offerings, uniq_eustachio
D:7:      layout_rooms, mainiacjoe_overflow_catwalk, grunt_tough_drop,
          uniq_harold
D:8:      layout_basic, ebering_ghost_xom
Temple:   mainiacjoe_temple_bowtie_tessellation

Skill      XL: |  1  2  3  4  5  6  7  8  9 10 |
---------------+-------------------------------+-----
Spellcasting   | 4 5 6 |  6.6
Fighting       | 3 6 |  6.0
Evocations     | 3 6 |  6.0
Polearms       | 6 8 |  8.0
Armour         | |  0.9
Dodging        | |  2.1
Stealth        | |  1.5

Action                   |  1- 3 |  4- 6 |  7- 9 | 10-12 || total
-------------------------+-------+-------+-------+-------++-------
Melee: Dagger            |       |     4 |       |       ||     4
       Whip              |       |       |     7 |       ||     7
       Trident           |       |       |     3 |    17 ||    20
 Cast: Magic Dart        |    42 |    61 |    49 |    12 ||   164
       Searing Ray       |     7 |    40 |    63 |    20 ||   130
       Iskenderun's Myst |       |     2 |    14 |     4 ||    20
       Stone Arrow       |       |       |     1 |     4 ||     5
  Use: Scroll            |     1 |     6 |     7 |       ||    14
       Potion            |       |       |     1 |     1 ||     2
 Stab: Sleeping          |       |       |     1 |       ||     1
Armor: Robe              |     1 |     5 |    12 |     8 ||    26
Dodge: Dodged            |     9 |    17 |    56 |    47 ||   129

Table legend: (Time is in decaauts)
 A = Elapsed time spent in this place.
 B = Non-inter-level travel time spent in this place.
 C = Inter-level travel time spent in this place.
 D = Time resting spent in this place.
 E = Time spent auto-exploring this place.
 F = Levels seen in this place.
 G = Mean time per level.
                   A        B        C        D        E       F      G
               +--------+--------+--------+--------+--------+-----+--------+
         Total |  11076 |  10929 |    147 |   4805 |   3868 |   9 | 1230.7 |
       Dungeon |  11029 |  10899 |    130 |   4805 |   3851 |   8 | 1378.6 |
        Temple |     47 |     30 |     17 |      0 |     17 |   1 |   47.0 |
               +--------+--------+--------+--------+--------+-----+--------+

Top non-repeatable levels by time:
     D:6: 2666 daAuts
     D:4: 1620 daAuts
     D:5: 1316 daAuts
     D:1: 1307 daAuts
     D:3: 1237 daAuts
     D:8: 1156 daAuts
     D:2: 972 daAuts
     D:7: 751 daAuts
  Temple: 47 daAuts
